 Dungeon Crawl Stone Soup version 0.26-a0-639-g72c4674 (webtiles) character file.

Game seed: 18285576157874822893

702146 Vamistle88 the Conqueror (level 27, -1/281 HPs)
             Began as a Minotaur Berserker on Sept 16, 2020.
             Was an Elder of Trog.
             Slain by a death cob (9 damage)
             ... summoned by a shadow demon
             ... on level 5 of the Realm of Zot.
             The game lasted 04:52:59 (82796 turns).

Vamistle88 the Conqueror (Minotaur Berserker)      Turns: 82796, Time: 04:52:59

Health: -1/281     AC: 37    Str: 38      XL:     27
Magic:  28/28      EV: 19    Int:  0 (3)  God:    Trog [****..]
Gold:   10934      SH:  0    Dex:  9      Spells: 26/26 levels left

rFire    + + +     SeeInvis .   M - +9 battleaxe (vamp)
rCold    + + .     Faith    .   (shield currently unavailable)
rNeg     + + +     Spirit   .   y - +4 gold dragon scales
rPois    +         Reflect  .   o - +2 hat
rElec    +         Harm     .   j - scarf {rC+ rF+}
rCorr    +         Rampage  .   w - -3 pair of gloves "Tuwn" {rF+ MR+ rCorr Int+2}
MR       ++++.     Rnd*Rage +   x - +2 pair of boots {Stlth+}
Stlth    ..........             l - amulet "Omusepn" {MR+ Regen+ Str+3}
HPRegen  0.00/turn              m - ring of Propriety {+Blink rC- rN+++ Str+6 Stlth+}
MPRegen  0.21/turn              F - ring "Qekku" {rElec rC+ MP+9}

@: berserk cooldown, slowed, lost intelligence, very slow
A: retaliatory headbutt, horns 2, rugged brown scales 1, berserk 1, clumsy 1,
deterioration 2, dopey 2, low mp 1, inhibited regeneration, weak 2, subdued
magic 2
0: Orb of Zot
}: 3/15 runes: decaying, serpentine, silver
a: Berserk, Trog's Hand, Brothers in Arms, Renounce Religion, Evoke Blink


You were on level 5 of the Realm of Zot.
You worshipped Trog.
Trog was greatly pleased with you.
You visited 10 branches of the dungeon, and saw 52 of its levels.
You visited the Abyss 2 times.
You visited 1 ziggurat, and saw 6 of its levels.
You also visited: Gauntlet and Ice Cave.

You collected 13381 gold pieces.
You spent 2447 gold pieces at shops.

Inventory:

Hand Weapons
 C - the +11 war axe "Neerut" {vorpal, rF+ MR+ Int+4}
   (Trog gifted it to you on level 3 of the Vaults)

   It inflicts extra damage upon your enemies.
   It affects your intelligence (+4).
   It protects you from fire.
   It affects your resistance to hostile enchantments.
 I - the +14 obsidian axe {vorpal, +Fly SInv *Curse}
   (You found it in a Gauntlet)

   It inflicts extra damage upon your enemies.
   It lets you see invisible.
   It lets you fly.
   It curses itself when equipped.
 M - a +9 vampiric battleaxe (weapon)
Armour
 j - a scarf of resistance (worn)
 o - a +2 hat (worn)
 w - the -3 pair of gloves "Tuwn" (worn) {rF+ MR+ rCorr Int+2}
   (You found it on level 6 of a ziggurat)

   It affects your intelligence (+2).
   It protects you from fire.
   It affects your resistance to hostile enchantments.
   It provides partial protection from all sources of acid and corrosion.
 x - a +2 pair of boots of stealth (worn)
 y - +4 gold dragon scales (worn)
 E - a +2 kite shield of positive energy
 R - a +8 plate armour of magic resistance
 X - a +2 pair of gloves of strength
Jewellery
 a - the ring "Zaohoz" {rPois SInv}
   (You bought it in a shop on level 7 of the Dungeon)

   [ring of see invisible]

   It protects you from poison.
   It lets you see invisible.
 f - an uncursed ring of protection from magic
 l - the amulet "Omusepn" (around neck) {MR+ Regen+ Str+3}
   (You took it off a deep elf blademaster on level 3 of the Elven Halls)

   [amulet of regeneration]

   It affects your strength (+3).
   It affects your resistance to hostile enchantments.
   It increases your rate of regeneration.
 m - the ring of Propriety (left hand) {+Blink rC- rN+++ Str+6 Stlth+}
   (You acquired it on level 4 of the Depths)

   [ring of strength]

   It affects your strength (+6).
   It makes you vulnerable to cold.
   It renders you almost immune to negative energy.
   It lets you blink.
   It makes you more stealthy.
 v - an uncursed ring of protection from fire
 F - the ring "Qekku" (right hand) {rElec rC+ MP+9}
   (You took it off a deep elf annihilator on level 3 of the Elven Halls)

   [ring of magical power]

   It protects you from cold.
   It insulates you from electricity.
   It affects your magic capacity (+9).
 U - an uncursed ring of resist corrosion
Wands
 e - a wand of digging (5)
 h - a wand of flame (23)
Scrolls
 c - 33 scrolls of identify
 d - 20 scrolls of remove curse
 g - a scroll of holy word
 k - 2 scrolls of magic mapping
 p - 5 scrolls of fear
 s - 2 scrolls of brand weapon
 H - 5 scrolls of enchant weapon
 K - 18 scrolls of teleportation
 O - 3 scrolls of blinking
 S - 8 scrolls of fog
Potions
 b - 2 potions of heal wounds
 i - 3 potions of invisibility
 n - 9 potions of haste
 r - 18 potions of curing
 u - 6 potions of brilliance
 z - 5 potions of lignification
 A - 12 potions of flight
 B - a potion of berserk rage
 J - 9 potions of cancellation
 L - a potion of resistance
 T - 2 potions of might
Miscellaneous
 q - a condenser vane (2/2)
 P - a box of beasts (3/3)
 W - a tin of tremorstones (3/3)


   Skills:
 O Level 27 Fighting
   Level 10.4 Long Blades
 - Level 18.0 Axes
 O Level 27 Armour
 + Level 24.6 Dodging
 - Level 11.5 Stealth
 + Level 21.7 Shields
 - Level 11.1 Evocations


You had 26 spell levels left.
You didn't know any spells.
Your spell library was empty.

Dungeon Overview and Level Annotations

Branches:
Dungeon (15/15)            Temple (0/1) D:5            Lair (6/6) D:8
  Swamp (4/4) Lair:2        Snake (4/4) Lair:3        Slime (3/5) Lair:6
    Orc (2/2) D:9             Elf (3/3) Orc:2        Vaults (5/5) D:14
  Crypt (0/3) Vaults:2     Depths (5/5) D:15            Zot (5/5) Depths:5
  IceCv (visited)         Gauntlet (visited)

Altars:
Dithmenos
Elyvilon
Fedhas
Sif Muna
Trog
Vehumet
Xom
The Shining One

Shops:
D:7 =   D:8 [   Orc:2 }!(*   Elf:1 [   Elf:3 [!*:=   Snake:1 (   Snake:4 }==
Vaults:1 *?   Vaults:2 }   Vaults:3 !   Vaults:4 [(:   Depths:4 :=

Portals:
Hell: Depths:1 Depths:2 Depths:3 Depths:4 Depths:5
Abyss: Depths:4
Pandemonium: Orc:2 Depths:3

Annotations:
Swamp:4 Lernaean hydra
Orc:1 2 transporters, Pugext's ghost, journeyman TrHu


Innate Abilities, Weirdness & Mutations

You reflexively headbutt those who attack you in melee.
You have a pair of horns on your head.
You are partially covered in rugged brown scales. (AC +1, +3% HP)
You tend to lose your temper in combat.
You are clumsy. (Dex -2)
Your body often deteriorates upon taking damage.
You are very dopey. (Int -4)
Your magical capacity is low. (-10% MP)
You do not regenerate when monsters are visible.
You are very weak. (Str -4)
Your spells are easier to cast, but less powerful.


Message History

* * * LOW HITPOINT WARNING * * *
You hold your ground!
The death cob hits you!
* * * LOW HITPOINT WARNING * * *
The storm dragon bites you but does no damage.
The storm dragon claws you.
* * * LOW HITPOINT WARNING * * *
The storm dragon tramples you.
* * * LOW HITPOINT WARNING * * *
You hold your ground!
The golden dragon barely misses you. You furiously retaliate!
You headbutt the golden dragon! The golden dragon claws you.
* * * LOW HITPOINT WARNING * * *
The golden dragon tramples you but does no damage.
The shadow demon misses you.
You shred the net and break free!
You feel your anger nearly subside.
You are no longer berserk.
You are exhausted.
You feel as though you will be slow longer.
The death cob hits you!
You die...

▓▓....^.....^...........▓....
▓▓.....^.................▓▓...
▓........................▓▓▓..
▓........................# ▓▓▓
*▓.........:............##
*▓..............^....▓##
▓▓...............▓▓▓▓
▓▓.....##▓▓▓▓▓▓▓▓▓▓▓#
##.......qz@3........###
##.........D2D^...##....##
*#^..........y......###...####
#....................###......
#....................# ##.....
#..d....^....^......^# #...).
#.^................^.# ##..).
*..................^.# #....
*...........).^......# ##....


You could see a black draconian monk (summoned, berserk), a golden dragon
(summoned, berserk), a storm dragon (summoned, berserk), a death cob (summoned),
a sun demon (summoned), a shadow demon and a moth of wrath (summoned).

Vanquished Creatures
  5 orbs of fire
  8 ancient liches
  A juggernaut (Depths:2)
  The ghost of Muir the Tycoon, a veteran GnFi of Gozag (Depths:5)
  Saint Roka (Vaults:2)
  3 Killer Klowns (Zot:5)
  Vashnia (Snake:4)
  Xtahua (Depths:5)
  A curse toe (Zot:3)
  2 caustic shrikes (Depths:4)
  11 golden dragons
  2 bone dragons (Abyss:2)
  the Enchantress (Depths:5)
  3 electric golems
  29 tentacled monstrosities
  2 deep elf blademasters (Elf:3)
  6 quicksilver dragons
  11 titans
  12 acid blobs
  24 Orb Guardians (Zot:5)
  4 liches
  2 deep elf master archers (Elf:3)
  3 tentacled starspawn
  An Executioner (Abyss:2)
  7 death cobs
  12 storm dragons
  5 sphinxes
  An ancient champion (Zig:4)
  5 tengu reavers
  14 shadow dragons
  The ghost of simcity the Destroyer, an adept OpCj of Gozag (Snake:4)
  16 draconian monks
  A fire giant (shapeshifter) (Depths:3)
  5 azure jellies
  3 draconian knights (Zot:2)
  11 fire giants
  6 ghost moths
  2 iron dragons
  8 nagarajas
  Aizul (Depths:2)
  11 frost giants
  Louise (Depths:4)
  The ghost of Asuogirph the Archer, a journeyman GnWn of Yredelemnul (D:15)
  2 draconian scorchers (Zot:2)
  5 deep elf sorcerers
  12 vault wardens
  2 balrugs (Zot:5)
  4 draconian shifters
  5 deep elf elementalists
  4 spriggan defenders
  3 draconian stormcallers
  15 ironheart preservers
  22 stone giants
  7 draconian annihilators
  5 war gargoyles
  2 vampire knights
  5 deep elf demonologists
  28 very ugly things
  2 lorocyprocas (Depths:1)
  An entropy weaver (Vaults:5)
  7 black draconians
  6 deep elf annihilators
  12 green draconians
  3 yellow draconians
  14 red draconians
  A minotaur (Gauntlet)
  14 purple draconians
  15 white draconians
  7 spark wasps
  13 ettins
  6 deep elf death magi
  2 merfolk javelineers (Depths:3)
  8 fire dragons
  A crystal guardian (Vaults:5)
  11 great orbs of eyes
  4 deep elf high priests
  A death ooze (Gauntlet)
  19 yaktaur captains
  Josephine (D:10)
  7 ogre magi
  36 vault guards
  6 rakshasas
  10 ice dragons
  21 hydras
  Fannar (D:12)
  13 naga warriors
  9 spriggan air magi
  15 two-headed ogres
  10 anacondas
  4 deep troll shamans
  A death knight (D:14)
  28 dancing weapons
  An anaconda (shapeshifter) (Depths:4)
  6 centaur warriors
  11 death yaks
  6 tengu warriors
  8 deep troll earth magi
  12 alligators
  4 orc high priests (Orc:2)
  6 spriggan berserkers
  A thrashing horror (Zig:5)
  9 shock serpents
  Urug (Orc:2)
  3 vampire magi
  14 naga sharpshooters
  15 deep elf knights
  A fire crab (shapeshifter) (Depths:4)
  2 sun demons (Zot:5)
  8 iron trolls (Depths:3)
  A fire crab (Lair:6)
  A sixfirhy (Abyss:2)
  2 spatial maelstroms
  2 spriggan druids
  4 salamander mystics
  2 shadow wraiths
  3 hell knights
  3 death drakes (Depths:5)
  4 skeletal warriors
  A wretched star (Zig:5)
  An unseen horror (shapeshifter) (Vaults:1)
  3 sea snakes (Snake:4)
  A sea snake (shapeshifter) (Vaults:5)
  5 glowing orange brains
  14 swamp dragons
  5 wizards
  A glowing orange brain (shapeshifter) (Depths:4)
  27 deep trolls
  An unseen horror (D:15)
  16 deep elf archers
  An infernal demonspawn (Orc:2)
  3 lindwurms (Depths:5)
  2 torturous demonspawn (Orc:2)
  2 flayed ghosts (Depths:4)
  10 naga ritualists
  An orange crystal statue (Vaults:4)
  4 necromancers
  12 ironbrand convokers
  A harpy (shapeshifter) (Depths:4)
  Pikel (D:7)
  A wolf spider (shapeshifter) (Vaults:5)
  11 orc knights
  3 phantasmal warriors
  2 oklob plants (Lair:4)
  7 wolf spiders
  A mana viper (shapeshifter) (Depths:4)
  5 orc sorcerers
  10 harpies
  11 mana vipers
  2 manticores
  59 deep elf magi
  A cyclops (shapeshifter) (Depths:4)
  69 slime creatures
  3 shining eyes
  27 moths of wrath
  5 salamanders
  A salamander (shapeshifter) (Vaults:1)
  5 cyclopes
  5 guardian serpents (Snake:4)
  28 ugly things
  A centaur zombie (D:13)
  A frost giant skeleton (Vaults:3)
  29 black mambas
  2 eyes of devastation
  11 naga magi
  A smoke demon (Orc:2)
  A torpor snail (Lair:5)
  An elephant (Lair:5)
  An eye of devastation (shapeshifter) (Depths:3)
  10 vault sentinels
  A guardian serpent (shapeshifter) (Depths:3)
  14 cane toads
  A cane toad (shapeshifter) (Depths:4)
  3 centaur skeletons
  3 torpor snails (shapeshifter) (Depths:4)
  A gargoyle (D:14)
  Maggie (D:7)
  4 rime drakes
  A yaktaur zombie (Vaults:3)
  13 freezing wraiths
  An ice devil (Orc:2)
  2 tengu conjurers
  A demonic crawler (Abyss:2)
  A kobold demonologist (Depths:1)
  An ancient zyme (Abyss:2)
  4 trolls
  2 yaktaurs (shapeshifter) (Depths:4)
  39 yaktaurs
  10 komodo dragons
  A human skeleton (Vaults:3)
  A merfolk (shapeshifter) (Depths:2)
  A jumping spider (shapeshifter) (Depths:4)
  A troll (shapeshifter) (Vaults:5)
  A polar bear (shapeshifter) (Vaults:2)
  A hornet (shapeshifter) (Vaults:2)
  15 hornets
  6 polar bears
  A queen bee (shapeshifter) (Depths:4)
  A wolf spider simulacrum (IceCv)
  6 tyrant leeches
  7 bog bodies
  9 blink frogs
  3 raiju (Abyss:2)
  8 hippogriffs
  A meliai zombie (D:14)
  3 large abominations
  An ettin zombie (Vaults:3)
  3 dream sheep (Lair:6)
  6 spriggans
  7 shadows
  7 water elementals
  3 air elementals (Elf:1)
  3 wyverns
  A redback (Vaults:5)
  A ynoxinul (Abyss:2)
  A tarantella (shapeshifter) (Depths:4)
  22 yaks
  A fire bat (shapeshifter) (Vaults:5)
  7 wraiths
  A fire elemental (Elf:1)
  4 golden eyes (Slime:1)
  A basilisk (shapeshifter) (Vaults:3)
  A yak (shapeshifter) (Depths:3)
  2 basilisks
  A golden eye (shapeshifter) (Depths:4)
  18 vampire mosquitoes
  2 death yak simulacra (IceCv)
  A chaos spawn (Zig:5)
  2 steam dragons
  6 wargs
  7 insubstantial wisps
  43 nagas
  A warg (shapeshifter) (Elf:3)
  5 acid dragons
  A small abomination (Abyss:2)
  A soldier ant (D:14)
  11 swamp worms
  13 water moccasins
  An acid dragon (shapeshifter) (Vaults:2)
  A water moccasin (shapeshifter) (Depths:4)
  5 floating eyes
  42 orc warriors
  5 porcupines
  A deep troll skeleton (Vaults:3)
  17 swamp drakes
  An alligator simulacrum (IceCv)
  5 ice beasts
  10 sky beasts
  3 black bears
  34 ogres
  6 starcursed masses (Abyss:2)
  16 boggarts
  16 centaurs
  9 wolves
  3 eyes of draining
  6 crocodiles
  A crocodile (shapeshifter) (Depths:4)
  A big kobold (D:11)
  28 bullfrogs
  2 earth elementals
  A wyvern zombie (D:10)
  5 scorpions
  23 killer bees
  8 wights (D:9)
  3 howler monkeys
  4 electric eels
  A draconian simulacrum (IceCv)
  A human simulacrum (Vaults:3)
  A jelly (D:13)
  4 bullfrog zombies
  3 hounds
  A wyvern simulacrum (D:15)
  Crazy Yiuf (D:2)
  4 bullfrog skeletons
  31 orc priests
  4 iguanas
  17 orc wizards
  9 worker ants
  2 troll simulacra (IceCv)
  3 centaur simulacra (IceCv)
  4 hound zombies
  5 hound skeletons
  3 worker ant zombies
  2 howler monkey zombies
  4 gnolls (D:11)
  An adder (shapeshifter) (Depths:4)
  11 adders
  6 naga simulacra (IceCv)
  3 ogre simulacra (IceCv)
  7 white imps (IceCv)
  2 ufetubi
  3 worms (D:2)
  An adder zombie (D:9)
  A dart slug (D:4)
  5 leopard geckos
  84 orcs
  8 bats
  A giant cockroach (D:3)
  9 hobgoblins
  7 jackals
  A quokka (D:2)
  4 frilled lizards
  8 goblins
  A jackal skeleton (D:4)
  7 kobolds
  A leopard gecko skeleton (D:4)
  2 quokka zombies (D:6)
  8 rats
  7 briar patches (Swamp:4)
  A crawling corpse (Elf:3)
  3 plants
  4 starspawn tentacles
2138 creatures vanquished.

Vanquished Creatures (collateral kills)
  A lich (Vaults:2)
  A titan (Vaults:5)
  2 sphinxes (Vaults:5)
  2 thorn hunters (Swamp:4)
  A shadow dragon (Vaults:2)
  2 nagarajas
  A frost giant (Vaults:5)
  A deep elf sorcerer (Vaults:5)
  A fire giant (Vaults:5)
  3 vault wardens
  2 ironheart preservers
  A stone giant (Vaults:5)
  A deep elf annihilator (Vaults:5)
  A deep elf high priest (Vaults:2)
  2 rakshasas
  An ice dragon (Vaults:3)
  A great orb of eyes (Vaults:2)
  2 vault guards (Vaults:5)
  A merfolk avatar (Lair:6)
  3 hydras
  4 ogre magi
  A centaur warrior (Vaults:1)
  2 dancing weapons (Elf:2)
  3 alligators
  3 death yaks
  A two-headed ogre (Vaults:1)
  4 orc high priests (Orc:2)
  A deep troll shaman (Vaults:2)
  12 slime creatures
  3 deep elf knights
  2 spriggans (Swamp:4)
  A skeletal warrior (Vaults:1)
  A naga ritualist (Snake:4)
  A torturous demonspawn (Orc:2)
  2 deep trolls
  A swamp dragon (Swamp:1)
  An ironbrand convoker (Vaults:2)
  2 orc knights (Orc:2)
  2 deep elf archers
  3 harpies
  2 wolf spider zombies
  A mana viper (Snake:2)
  10 deep elf magi
  2 orc sorcerers (Orc:2)
  A salamander (Snake:3)
  A manticore (Lair:6)
  2 oklob plants (Lair:4)
  An ugly thing (D:11)
  6 elephants
  An ice statue (IceCv)
  A rust devil (Orc:2)
  An orange demon (Orc:2)
  5 black mambas
  5 vault sentinels
  A guardian serpent (Snake:4)
  A gargoyle (D:11)
  2 naga magi
  2 cane toads
  3 yaktaurs
  2 freezing wraiths (IceCv)
  An efreet (D:14)
  A red devil (Orc:2)
  A polar bear (Lair:4)
  2 hornets (Swamp:4)
  3 tyrant leeches
  A blink frog (Lair:5)
  4 dream sheep (Lair:6)
  A hippogriff (Lair:6)
  4 yaks
  2 vampire mosquitoes
  An insubstantial wisp (Swamp:4)
  A warg (Vaults:3)
  13 nagas
  3 swamp drakes
  A sky beast (D:12)
  3 orc warriors
  3 ice beasts (IceCv)
  3 ogres
  A wolf (Lair:1)
  A boggart (Vaults:2)
  2 gnoll sergeants
  3 orc priests (Orc:2)
  A hound (D:11)
  2 orc wizards
  A troll simulacrum (IceCv)
  A howler monkey zombie (D:11)
  A gnoll (D:11)
  An ogre simulacrum (IceCv)
  3 naga simulacra (IceCv)
  5 white imps (IceCv)
  5 orcs
  A crawling corpse (Elf:3)
206 creatures vanquished.

Vanquished Creatures (others)
  2 very ugly things (Depths:5)
  An orc knight (Vaults:3)
  A polar bear (Lair:5)
  A spriggan (Depths:5)
  3 boggarts
  A briar patch (Swamp:4)
  2 bushes (D:8)
  22 fungi
  44 plants
  9 starspawn tentacles
  5 toadstools (D:1)
  2 withered plants
93 creatures vanquished.

Grand Total: 2437 creatures vanquished

Notes
Turn   | Place    | Note
-------+----------+-------------------------------------------
     0 | D:1      | Vamistle88 the Minotaur Berserker began the quest for the
                  | Orb.
     0 | D:1      | Reached XP level 1. HP: 19/19 MP: 0/0
   604 | D:1      | Reached XP level 2. HP: 21/26 MP: 1/1
  1112 | D:2      | Reached skill level 5 in Axes
  1411 | D:2      | Reached XP level 3. HP: 26/31 MP: 2/2
  1969 | D:2      | Reached XP level 4. HP: 35/39 MP: 3/3
  2154 | D:2      | Reached ** piety under Trog
  2785 | D:2      | Found a runed translucent door.
  2786 | D:2      | Noticed Crazy Yiuf
  2797 | D:2      | Killed Crazy Yiuf
  3063 | D:3      | Found a white marble altar of Elyvilon.
  3208 | D:3      | Reached XP level 5. HP: 42/45 MP: 4/4
  3674 | D:4      | Noticed an ogre
  3681 | D:4      | Killed an ogre
  3782 | D:4      | Noticed an ogre
  3791 | D:4      | Killed an ogre
  3791 | D:4      | Reached XP level 6. HP: 43/51 MP: 5/5
  5533 | D:5      | Entered Level 5 of the Dungeon
  5633 | D:5      | Found a staircase to the Ecumenical Temple.
  5759 | D:5      | Reached XP level 7. HP: 56/57 MP: 6/6
  5816 | D:5      | Reached skill level 10 in Axes
  6434 | D:6      | Reached XP level 8. HP: 50/64 MP: 7/7
  6762 | D:6      | Found a shadowy altar of Dithmenos.
  7423 | D:7      | Found Qenitz's Jewellery Emporium.
  7424 | D:7      | Noticed a cyan ugly thing
  7433 | D:7      | Killed a cyan ugly thing
  7434 | D:7      | Reached XP level 9. HP: 70/70 MP: 8/8
  7733 | D:7      | Reached *** piety under Trog
  8007 | D:7      | Noticed Maggie
  8029 | D:7      | Killed Maggie
  8046 | D:7      | Noticed Pikel
  8054 | D:7      | Killed Pikel
  8054 | D:7      | Reached skill level 15 in Axes
  8489 | D:8      | Found a blossoming altar of Fedhas.
  9084 | D:8      | Reached skill level 5 in Fighting
  9113 | D:8      | Found a staircase to the Lair.
  9332 | D:8      | Reached XP level 10. HP: 81/81 MP: 9/9
  9434 | D:8      | Found Mualaleb's Armour Shop.
  9683 | D:8      | Found a bloodstained altar of Trog.
  9803 | D:9      | Reached skill level 5 in Armour
 10147 | D:9      | Noticed a two-headed ogre
 10162 | D:9      | Killed a two-headed ogre
 11073 | D:9      | Found a staircase to the Orcish Mines.
 11356 | D:9      | Identified a scroll of acquirement
 11356 | D:9      | Acquired 670 gold pieces
 11467 | D:7      | Bought the ring "Zaohoz" {rPois SInv} for 366 gold pieces
 11467 | D:7      | Bought an uncursed amulet of reflection for 420 gold pieces
 11837 | D:9      | Reached skill level 1 in Shields
 12048 | D:9      | Identified Tash's Volume of Supportive Ignition
 12204 | D:10     | Entered Level 10 of the Dungeon
 12395 | D:10     | Reached XP level 11. HP: 97/97 MP: 10/10
 12589 | D:10     | Noticed Josephine
 12596 | D:10     | Reached skill level 5 in Shields
 12600 | D:10     | Killed Josephine
 12601 | D:10     | Reached **** piety under Trog
 12834 | D:11     | Found a gate leading to a gauntlet.
 12839 | Gauntlet | Entered a Gauntlet
 12839 | Gauntlet | Found a large runed translucent door.
 12839 | Gauntlet | Found a large runed translucent door.
 12839 | Gauntlet | Found a large runed translucent door.
 12839 | Gauntlet | Found a large runed translucent door.
 12839 | Gauntlet | Found a large runed translucent door.
 12839 | Gauntlet | Found a large runed translucent door.
 12839 | Gauntlet | Found a runed translucent door.
 12839 | Gauntlet | Found a transporter.
 12839 | Gauntlet | Found a transporter.
 12839 | Gauntlet | Found a runed translucent door.
 12839 | Gauntlet | Found a large runed translucent door.
 12839 | Gauntlet | Found a large runed translucent door.
 12839 | Gauntlet | Found a large runed translucent door.
 12839 | Gauntlet | Found a large runed translucent door.
 12839 | Gauntlet | Found a large runed translucent door.
 12839 | Gauntlet | Found a large runed translucent door.
 12845 | Gauntlet | Noticed a death ooze
 12846 | Gauntlet | Found a transporter.
 12857 | Gauntlet | Found the cursed +14 obsidian axe {vorpal, +Fly SInv
                  | *Curse}
 12883 | Gauntlet | Found a large runed translucent door.
 12883 | Gauntlet | Found a large runed translucent door.
 12884 | Gauntlet | Found a runed translucent gate.
 12884 | Gauntlet | Found a runed translucent gate.
 12884 | Gauntlet | Found a runed translucent gate.
 12886 | Gauntlet | Found a transporter.
 12910 | Gauntlet | Killed a death ooze
 12946 | Gauntlet | Found a transporter.
 12953 | Gauntlet | Found a transporter.
 12997 | Gauntlet | Found a transporter.
 13460 | Gauntlet | Got a crude lead ring
 13463 | Gauntlet | Identified the ring of Makhleb's Wrath {rPois rC+} (You
                  | found it in a Gauntlet)
 13514 | Gauntlet | Found a transporter.
 13530 | Gauntlet | Found a transporter.
 13538 | Gauntlet | Found a transporter.
 13551 | Gauntlet | Found a transporter.
 13558 | Gauntlet | Noticed a wretched star
 13609 | Gauntlet | Noticed a minotaur
 13616 | Gauntlet | Killed a minotaur
 13616 | Gauntlet | Reached skill level 10 in Shields
 13799 | D:11     | Noticed a white ugly thing
 13805 | D:11     | Killed a white ugly thing
 14075 | D:11     | Noticed a two-headed ogre
 14080 | D:11     | Killed a two-headed ogre
 14269 | D:8      | Bought a +3 plate armour of magic resistance for 675 gold
                  | pieces
 14370 | D:12     | Noticed a five-headed hydra
 14375 | D:12     | Killed a nine-headed hydra
 14375 | D:12     | Reached skill level 10 in Fighting
 14555 | D:12     | Reached XP level 12. HP: 83/106 MP: 11/11
 14568 | D:12     | Reached skill level 10 in Armour
 14787 | D:12     | Noticed Fannar
 14796 | D:12     | Killed Fannar
 14997 | D:12     | Noticed a two-headed ogre
 15002 | D:12     | Killed a two-headed ogre
 15770 | D:13     | Noticed a tengu warrior
 15774 | D:13     | Killed a tengu warrior
 15936 | D:13     | Noticed a tengu warrior
 15944 | D:13     | Killed a tengu warrior
 16615 | Orc:1    | Entered Level 1 of the Orcish Mines
 16783 | Orc:1    | Reached ***** piety under Trog
 16840 | Orc:1    | Found a transporter.
 16842 | Orc:1    | Noticed a two-headed ogre
 16842 | Orc:1    | Noticed Pugext's ghost (journeyman TrHu)
 16843 | Orc:1    | Noticed a two-headed ogre
 16845 | Orc:1    | Noticed a two-headed ogre
 16847 | Orc:1    | Noticed a two-headed ogre
 16849 | Orc:1    | Found a transporter.
 16920 | Orc:2    | Entered Level 2 of the Orcish Mines
 16921 | Orc:2    | Noticed an orc high priest
 16936 | Orc:2    | Killed an orc high priest
 16936 | Orc:2    | Reached XP level 13. HP: 97/122 MP: 12/12
 17196 | Orc:2    | Noticed Urug
 17204 | Orc:2    | Killed Urug
 17314 | Orc:2    | Found a staircase to the Elven Halls.
 17453 | Orc:2    | Found Doutautu's Distillery.
 17466 | Orc:2    | Found Syepeczu's General Store.
 19576 | Orc:2    | Found Qiont's Gadget Shop.
 19576 | Orc:2    | Found Zejafail's Antique Weapon Boutique.
 19577 | Orc:2    | Found a one-way gate leading to the halls of Pandemonium.
 19832 | Lair:1   | Entered Level 1 of the Lair of Beasts
 19924 | Lair:1   | Reached skill level 15 in Fighting
 20199 | Lair:1   | Reached skill level 15 in Armour
 20990 | Lair:2   | Found a staircase to the Swamp.
 21465 | Lair:2   | Received a gift from Trog
 21731 | Lair:3   | Reached XP level 14. HP: 69/135 MP: 13/13
 22310 | Lair:3   | Reached skill level 5 in Dodging
 22317 | Lair:3   | Found a staircase to the Snake Pit.
 24168 | Lair:4   | Got a jewelled whip
 24197 | Lair:4   | Identified the cursed +3 whip of Defence by Offence
                  | {freeze, Fragile +Blink rElec MR++} (You found it on level
                  | 4 of the Lair of Beasts)
 24780 | Lair:5   | Found a frozen archway.
 24817 | IceCv    | Entered an ice cave
 25001 | IceCv    | Found an ancient bone altar of Kikubaaqudgha.
 25442 | Lair:5   | Reached skill level 10 in Dodging
 25565 | Lair:6   | Entered Level 6 of the Lair of Beasts
 25747 | Lair:6   | Reached XP level 15. HP: 141/141 MP: 14/14
 26029 | Lair:6   | Received a gift from Trog
 26124 | Lair:6   | Found a staircase to the Slime Pits.
 27012 | D:14     | Found a gate to the Vaults.
 27308 | D:15     | Entered Level 15 of the Dungeon
 27322 | D:15     | Found a staircase to the Depths.
 27322 | D:15     | Noticed a fire giant
 27607 | D:15     | Found a shimmering blue altar of Sif Muna.
 27927 | D:15     | Found a runed translucent door.
 27929 | D:15     | Noticed Asuogirph's ghost (journeyman GnWn)
 27986 | D:15     | Got an ancient rapier
 27987 | D:15     | Identified the +9 rapier "Hydraslayer" {freeze, *Contam
                  | rC+++ Str+2} (You found it on level 15 of the Dungeon)
 28024 | D:15     | Killed a fire giant
 28345 | D:15     | Killed Asuogirph's ghost
 28719 | Snake:1  | Entered Level 1 of the Snake Pit
 29162 | Snake:1  | Reached skill level 15 in Shields
 29375 | Snake:1  | Found Weoja's Weapon Shoppe.
 29879 | Snake:2  | Found a shimmering altar of Xom.
 30029 | Snake:2  | Noticed a nagaraja
 30039 | Snake:2  | Killed a nagaraja
 30264 | Snake:2  | Reached XP level 16. HP: 145/149 MP: 15/15
 30893 | Snake:3  | Received a gift from Trog
 30896 | Snake:3  | Got a faintly glowing hand axe {god gift}
 30898 | Snake:3  | Identified the +3 hand axe "Xockuall" {flame, Fragile +Fly
                  | Int+6} (Trog gifted it to you on level 3 of the Snake Pit)
 32385 | Snake:4  | Entered Level 4 of the Snake Pit
 32411 | Snake:4  | Found a runed translucent door.
 32475 | Snake:4  | Noticed simcity's ghost (adept OpCj)
 32509 | Snake:4  | Killed simcity's ghost
 32567 | Snake:4  | Found Romuhoh's Jewellery Shoppe.
 32569 | Snake:4  | Found Eroreirgh's Gadget Boutique.
 32570 | Snake:4  | Found Ynieruh's Jewellery Shoppe.
 34690 | Snake:4  | Received a gift from Trog
 34699 | Snake:4  | Noticed Vashnia
 34749 | Snake:4  | Reached XP level 17. HP: 135/163 MP: 16/16
 34824 | Snake:4  | Killed Vashnia
 35832 | Snake:4  | Got a serpentine rune of Zot
 36164 | Swamp:1  | Entered Level 1 of the Swamp
 36363 | Swamp:1  | Reached skill level 1 in Evocations
 37381 | Swamp:2  | Reached skill level 5 in Evocations
 37659 | Swamp:3  | Received a gift from Trog
 37914 | Swamp:3  | Found a shimmering blue altar of Sif Muna.
 38403 | Swamp:4  | Entered Level 4 of the Swamp
 38862 | Swamp:4  | Reached XP level 18. HP: 118/173 MP: 17/17
 39093 | Swamp:4  | Noticed the 27-headed Lernaean hydra
 39479 | Swamp:4  | Got a decaying rune of Zot
 39794 | Vaults:1 | Entered Level 1 of the Vaults
 39915 | Vaults:1 | Found a shadowy altar of Dithmenos.
 39931 | Vaults:1 | Received a gift from Trog
 40065 | Vaults:1 | Found Oqirhok's Magic Scroll Shoppe.
 40069 | Vaults:1 | Bought a scroll of acquirement for 572 gold pieces
 40606 | Vaults:1 | Found Pakhokh's Assorted Antiques.
 40698 | Vaults:1 | Bought a scroll of enchant armour for 82 gold pieces
 40698 | Vaults:1 | Bought a scroll of enchant armour for 82 gold pieces
 40704 | Vaults:1 | Acquired 3030 gold pieces
 40706 | Vaults:1 | Acquired an uncursed ring of resist corrosion
 40712 | Vaults:1 | Acquired 340 gold pieces
 40713 | Vaults:1 | Acquired a +2 hat
 41656 | Vaults:1 | Received a gift from Trog
 42083 | Vaults:2 | Reached XP level 19. HP: 185/185 MP: 18/18
 42095 | Vaults:2 | Found Ovuybev's Gadget Shoppe.
 42510 | Vaults:2 | Found the +7 mace of Variability {chain chaos}
 42627 | Vaults:2 | Cast into level 2 of the Abyss (hell knight)
 42663 | Vaults:2 | Escaped the Abyss
 42938 | Vaults:2 | Noticed a golden dragon
 42945 | Vaults:2 | Killed a golden dragon
 42965 | Vaults:2 | Noticed a lich
 42988 | Vaults:2 | Killed a lich
 43015 | Vaults:2 | Received a gift from Trog
 43238 | Vaults:2 | Found a staircase to the Crypt.
 43856 | Vaults:2 | Noticed Saint Roka
 43877 | Vaults:2 | Killed Saint Roka
 44404 | Vaults:3 | Received a gift from Trog
 44949 | Vaults:3 | Reached XP level 20. HP: 169/198 MP: 19/19
 45617 | Vaults:3 | Found Jueboh's Distillery.
 45638 | Vaults:3 | Bought a potion of heal wounds for 90 gold pieces
 45638 | Vaults:3 | Bought a potion of heal wounds for 90 gold pieces
 45902 | Vaults:3 | Reached ****** piety under Trog
 46032 | Vaults:3 | Received a gift from Trog
 46035 | Vaults:3 | Got a fine war axe {god gift}
 46036 | Vaults:3 | Identified the +11 war axe "Neerut" {vorpal, rF+ MR+ Int+4}
                  | (Trog gifted it to you on level 3 of the Vaults)
 46473 | Vaults:4 | Found Zoddoat's Antique Weapon Shop.
 46487 | Vaults:4 | Found Dedime's Armour Emporium.
 47156 | Vaults:4 | Reached skill level 15 in Dodging
 47310 | Vaults:4 | Found Vyajat's Book Shop.
 47367 | Vaults:4 | Found Idyad's Antique Armour Shop.
 47784 | Vaults:4 | Lost intelligence.
 48816 | Elf:1    | Entered Level 1 of the Elven Halls
 48841 | Elf:1    | Found a radiant altar of Vehumet.
 48961 | Elf:1    | Received a gift from Trog
 49605 | Elf:1    | Found Feimoah's Armour Shop.
 49919 | Elf:2    | Found a huge runed translucent gate.
 49920 | Elf:2    | Found a huge runed translucent gate.
 49921 | Elf:2    | Found a huge runed translucent gate.
 49923 | Elf:2    | Found a huge runed translucent gate.
 49923 | Elf:2    | Found a huge runed translucent gate.
 50060 | Elf:2    | Reached XP level 21. HP: 150/205 MP: 20/20
 50504 | Elf:2    | Received a gift from Trog
 50550 | Elf:3    | Entered Level 3 of the Elven Halls
 50565 | Elf:3    | Found the +5 robe of Night {Dark MR+ SInv}
 50573 | Elf:3    | Found the +8 autumn katana {vorpal, Clar}
 51225 | Elf:3    | Identified the ring "Qekku" {rElec rC+ MP+9}
 51365 | Elf:3    | Identified the amulet "Omusepn" {MR+ Regen+ Str+3}
 51441 | Elf:3    | Identified the amulet "Viysmac" {Spirit rElec rN+ Dex-4}
 51681 | Elf:3    | Identified the cursed +1 plate armour of Uprap {rPois rF+
                  | rN+ Str-4}
 52009 | Elf:3    | Found Qodeimui's Jewellery Emporium.
 52143 | Elf:3    | Cast into level 2 of the Abyss (deep elf annihilator)
 52298 | Abyss:2  | Found a corrupted altar of Lugonu.
 52479 | Abyss:2  | Found a corrupted altar of Lugonu.
 52518 | Elf:3    | Escaped the Abyss
 52774 | Elf:3    | Found Ajimm's Distillery.
 52774 | Elf:3    | Found Xeoninaph's Antique Armour Boutique.
 52776 | Elf:3    | Found Meets's Book Boutique.
 52778 | Elf:3    | Bought a potion of heal wounds for 70 gold pieces
 52779 | Elf:3    | Found Lacvip's General Store.
 53395 | Elf:3    | Got an ivory falchion
 53407 | Elf:3    | Got a polished shortbow
 53431 | Elf:3    | Identified the +3 falchion "Ulesseq" {distort, Dex+2 SInv}
                  | (You found it on level 3 of the Elven Halls)
 53438 | Elf:3    | Identified the +7 shortbow of Hunus {vorpal, rElec rPois
                  | Dex-3} (You found it on level 3 of the Elven Halls)
 53771 | Slime:1  | Entered Level 1 of the Pits of Slime
 53784 | Slime:1  | Received a gift from Trog
 53789 | Slime:1  | Reached skill level 1 in Long Blades
 54204 | Slime:1  | Gained mutation: Your magical capacity is low. (-10% MP) [a
                  | shining eye]
 54400 | Slime:1  | You fall into a shaft and drop 1 floor!
 54413 | Slime:2  | Reached skill level 5 in Long Blades
 54628 | Slime:1  | Gained mutation: You do not regenerate when monsters are
                  | visible. [a shining eye]
 54629 | Slime:1  | Gained mutation: Your body sometimes deteriorates upon
                  | taking damage. [a shining eye]
 54630 | Slime:1  | Gained mutation: You are partially covered in rugged brown
                  | scales. (AC +1, +3% HP) [a shining eye]
 54851 | Slime:1  | Reached XP level 22. HP: 175/223 MP: 18/18
 56811 | Slime:3  | Gained mutation: You are dopey. (Int -2) [a shining eye]
 56814 | Slime:3  | Gained mutation: You tend to lose your temper in combat. [a
                  | shining eye]
 56823 | Slime:3  | Paralysed by a floating eye for 4 turns
 56829 | Slime:3  | Reached skill level 10 in Long Blades
 57287 | Vaults:5 | Entered Level 5 of the Vaults
 57345 | Vaults:5 | HP: 15/339 [titan/the air (28)]
 57355 | Vaults:5 | HP: 12/342 [storm dragon (2)]
 57797 | Vaults:5 | Found the +8 arc blade {discharge, rElec}
 57817 | Vaults:5 | Reached XP level 23. HP: 140/235 MP: 19/19
 58075 | Vaults:5 | Got a vibrating platinum ring
 58084 | Vaults:5 | Got a translucent long sword
 58109 | Vaults:5 | Identified the +1 long sword of the Boiling Point {holy,
                  | MR+} (You found it on level 5 of the Vaults)
 58133 | Vaults:5 | Identified the ring "Madeno" {Ice Str+4} (You found it on
                  | level 5 of the Vaults)
 58198 | Vaults:5 | Received a gift from Trog
 58209 | Vaults:5 | Identified the +1 hunting sling "Ibes" {flame, Dex+3}
 58296 | Vaults:5 | Got a silver rune of Zot
 58349 | Vaults:5 | Got a masterwork long sword
 58350 | Vaults:5 | Identified the cursed +1 long sword "Viextois" {vorpal,
                  | rPois rF+ Int+3} (You found it on level 5 of the Vaults)
 58353 | Vaults:5 | Identified the Guide on the Displaced Rocks
 58355 | Vaults:5 | Identified the Almanac of Destructive Enchantment
 58431 | Vaults:5 | Identified the Reference Book on the Floating Volcanoes
 58475 | Vaults:5 | Identified the Tome of Flames
 59572 | Depths:1 | Entered Level 1 of the Depths
 60086 | Depths:1 | Found a gateway to Hell.
 60362 | Depths:2 | Received a gift from Trog
 60693 | Depths:2 | Noticed Aizul
 60713 | Depths:2 | Killed Aizul
 60721 | Depths:2 | Noticed a juggernaut
 60742 | Depths:2 | Killed a juggernaut
 62253 | Depths:3 | Found the ring of Robustness {AC+8}
 62468 | Depths:3 | Reached XP level 24. HP: 248/252 MP: 19/19
 62490 | Depths:3 | Received a gift from Trog
 62864 | Depths:3 | Noticed an ancient lich
 62877 | Depths:3 | Killed an ancient lich
 63001 | Depths:3 | Identified the +5 scimitar "Tumack" {vorpal, +Blink rF-
                  | rC+}
 63056 | Depths:3 | Got a faintly glowing plate armour
 63057 | Depths:3 | Identified the +5 plate armour of Vuxaom {rPois Slay+5}
                  | (You found it on level 3 of the Depths)
 63706 | Depths:4 | Found Dannat's Jewellery Boutique.
 63739 | Depths:4 | Found a gateway to a ziggurat.
 63749 | Depths:4 | Received a gift from Trog
 64104 | Depths:4 | Found a glowing golden altar of the Shining One.
 64166 | Depths:4 | Found a one-way gate to the infinite horrors of the Abyss.
 64166 | Depths:4 | Noticed Louise
 64175 | Depths:4 | Killed Louise
 64371 | Depths:4 | Found Myixzeh's Book Shoppe.
 65155 | Depths:4 | Got a bone great sword
 65163 | Depths:4 | Identified the +4 great sword of Moderation {freeze, Dex+3}
                  | (You found it on level 4 of the Depths)
 65187 | Depths:4 | Found the +5 robe of Misfortune {*Contam Harm *Corrode
                  | *Drain *Slow EV+5}
 65293 | Depths:4 | Reached skill level 27 in Fighting
 65304 | Depths:4 | Reached skill level 27 in Armour
 65806 | Depths:4 | Acquired the ring of Propriety {+Blink rC- rN+++ Str+6
                  | Stlth+}
 65870 | Depths:4 | Reached skill level 10 in Evocations
 66217 | Zig:1    | Entered Level 1 of a ziggurat
 66251 | Zig:2    | Entered Level 2 of a ziggurat
 66314 | Zig:3    | Entered Level 3 of a ziggurat
 66334 | Zig:3    | Identified Ytiluek's Disquisition on Shifting Malediction
 66338 | Zig:4    | Entered Level 4 of a ziggurat
 66523 | Zig:5    | Entered Level 5 of a ziggurat
 66665 | Zig:5    | Got a polished arbalest
 66666 | Zig:5    | Identified the +10 arbalest "Cuhyaty" {penet, *Corrode rN+
                  | Dex+4} (You found it on level 5 of a ziggurat)
 66674 | Zig:6    | Entered Level 6 of a ziggurat
 66686 | Zig:6    | Reached XP level 25. HP: 213/213 MP: 19/19
 66767 | Zig:6    | Got a pair of bloodstained gloves
 66779 | Zig:6    | Identified the cursed -3 pair of gloves "Tuwn" {rF+ MR+
                  | rCorr Int+2} (You found it on level 6 of a ziggurat)
 66798 | Zig:6    | Got a transparent chain mail
 66799 | Zig:6    | Identified the +7 chain mail "Sitorpha" {rC++} (You found
                  | it on level 6 of a ziggurat)
 66844 | Depths:5 | Entered Level 5 of the Depths
 66863 | Depths:5 | Noticed the Enchantress
 66886 | Depths:5 | Killed the Enchantress
 67259 | Depths:4 | Reached XP level 26. HP: 273/273 MP: 19/19
 67934 | Depths:5 | Reached skill level 5 in Stealth
 68528 | Depths:5 | Noticed Xtahua
 68728 | Depths:5 | Received a gift from Trog
 69606 | Depths:5 | Found a gate to the Realm of Zot.
 69723 | Depths:5 | Killed Xtahua
 69824 | Depths:5 | Found a runed translucent door.
 69827 | Depths:5 | Noticed Muir's ghost (veteran GnFi)
 70299 | Depths:5 | Killed Muir's ghost
 70380 | Zot:1    | Entered Level 1 of the Realm of Zot
 71560 | Zot:1    | Reached skill level 10 in Stealth
 71664 | Zot:1    | Reached XP level 27. HP: 275/278 MP: 19/19
 72422 | Zot:2    | Noticed an orb of fire
 72458 | Zot:2    | Killed an orb of fire
 77595 | Zot:5    | Entered Level 5 of the Realm of Zot
 78490 | Zot:5    | Noticed an orb of fire
 78492 | Zot:5    | Noticed an ancient lich
 78495 | Zot:5    | Noticed an ancient lich
 78495 | Zot:5    | Noticed an orb of fire
 78497 | Zot:5    | Gained mutation: You are clumsy. (Dex -2) [an orb of fire]
 78502 | Zot:5    | Noticed an ancient lich
 78505 | Zot:5    | Killed an orb of fire
 78509 | Zot:5    | Noticed an ancient lich
 78510 | Zot:5    | Killed an orb of fire
 78514 | Zot:5    | Killed an ancient lich
 78516 | Zot:5    | Noticed an ancient lich
 78517 | Zot:5    | Noticed an ancient lich
 78518 | Zot:5    | Noticed an orb of fire
 78519 | Zot:5    | Noticed an orb of fire
 78523 | Zot:5    | Gained mutation: You are weak. (Str -2) [an orb of fire]
 78523 | Zot:5    | Gained mutation: You are very weak. (Str -4) [an orb of
                  | fire]
 78524 | Zot:5    | Gained mutation: Your body often deteriorates upon taking
                  | damage. [an orb of fire]
 78524 | Zot:5    | Gained mutation: Your spells are a little easier to cast,
                  | but a little less powerful. [an orb of fire]
 78525 | Zot:5    | Killed an ancient lich
 78526 | Zot:5    | Gained mutation: You are very dopey. (Int -4) [an orb of
                  | fire]
 79020 | Zot:5    | Noticed an ancient lich
 79040 | Zot:5    | Killed an ancient lich
 79071 | Zot:5    | Killed an orb of fire
 79506 | Zot:5    | Killed an ancient lich
 79597 | Zot:5    | Killed an ancient lich
 79652 | Zot:5    | Killed an ancient lich
 79824 | Zot:5    | Killed an ancient lich
 79841 | Zot:5    | Lost intelligence.
 79850 | Zot:5    | Gained mutation: Your spells are easier to cast, but less
                  | powerful. [an orb of fire]
 79852 | Zot:5    | Killed an orb of fire
 82739 | Zot:5    | Got the Orb of Zot
 82795 | Zot:5    | HP: 19/421 [storm dragon[a shadow demon] (3)]
 82796 | Zot:5    | Slain by a death cob

Illustrated notes

Levels and vault maps discovered:
D:1:      ldierk_walled_garden, layout_loops_cross
D:2:      layout_rooms, uniq_crazy_yiuf_cottage
D:3:      layout_basic, st_stairs_5, elyvilon_altar_5
D:4:      layout_basic, corexii_item_surrounded_by_moat
D:5:      layout_basic, minmay_temple_entry_wispy, grunt_ministairs_12,
          kennysheep_small_spiral, nicolae_underground_beach
D:6:      layout_gridville, serial_undead, serial_undead_c, serial_undead_b,
          serial_undead_e, serial_undead_a, nicolae_dithmenos_the_darkroom
D:7:      layout_gridville, serial_shops, nicolae_shop_statue_plus,
          glass_columns_a, uniq_pikel, uniq_maggie
D:8:      layout_cave_pods, kennysheep_mini_moat, lair_entry_dummy,
          serial_shops, nicolae_shop_stone, kb_lookout_dungeons_type,
          fedhas_bush_and_centaur_altar
D:9:      layout_cave_pods, david_orc_3, abandoned_shop, minmay_variable_closet,
          minmay_door_square, hangedman_misty_isle
D:10:     layout_roguey, uniq_josephine
D:11:     layout_basic, gauntlet_entry_generic
D:12:     layout_roguey, special_room [special_room_orc], uniq_fannar
D:13:     layout_roguey, serial_corexii_hall, corexii_hall_statues_s,
          chequers_hall_statues_wall_a
D:14:     layout_loops_ring, skrybe_vaults_entry_preservation, minivault_27
D:15:     grunt_enter_depths_giant_problem, layout_long_grid,
          minmay_misc_feat_tower, ebering_ghost_inner_flame,
          lemuel_blue_sif_altar
Lair:1:   layout_chaotic_city
Lair:2:   layout_cave_pods, minmay_swamp_entry_eels
Lair:3:   layout_cave_shapes, dummy_snake_entry
Lair:4:   layout_cave_pods, minmay_lair_oklob_chamber
Lair:5:   layout_big_grid, portal_ice_cave_entry_animals_and_master,
          grunt_megastairs_2
Lair:6:   gammafunk_lair_ancient_temple, layout_regular_city, slime_dummy
Swamp:1:  layout_basic_swamp, serial_swamp_ruin, evilmike_swamp_ruin_rubble_1,
          evilmike_swamp_ruin_house_5, evilmike_swamp_ruin_wall
Swamp:2:  layout_basic_swamp, nicolae_swamp_very_dense_foliage,
          infiniplex_staircase_pool
Swamp:3:  layout_falls_marsh, hangedman_swamp_ruin_wall, swamp_pool5,
          lemuel_altar_in_water
Swamp:4:  swamp_old_school, layout_basic_swamp
Snake:1:  layout_grid_maze, serial_shops, shop
Snake:2:  layout_onion, grunt_ministairs_10, lemuel_oklob_altar
Snake:3:  layout_concentric_octagons
Snake:4:  johnstein_snake_rune_scales, layout_cave_pods,
          ebering_ghost_reflecting_pool, serial_bayou_shore_b,
          minmay_shop_grove, serial_bayou_shore_a
Slime:1:  layout_caves
Slime:2:  layout_caves, uniq_dissolution
Slime:3:  layout_caves, dissolution_awaits
Orc:1:    minmay_goldmine, layout_caves, gammafunk_ghost_smash, uniq_snorg,
          uniq_harold
Orc:2:    pf_orc_diabolical, layout_diamond_mine, sword_in_stone
Elf:1:    eino_elf_arrival_altar, layout_onion_city, serial_shops, shop,
          evilmike_minifort
Elf:2:    layout_geoelf_grid
Elf:3:    elf_hall_gauntlet_narrow, layout_onion_city, serial_shops, shop,
          minmay_shop_grid_forest, minivault_25, ebering_dispersal_statue_hall,
          minivault_20, library_closet, solitary_fountain,
          minmay_checkered_concentric_circles
Vaults:1: nicolae_vaults_big_ls, v_alt_pattern_2, ontoclasm_vaults_eye,
          st_squares, ontoclasm_vaults_idyll, v_misc_10, v_misc_26,
          ontoclasm_vaults_twist, v_misc_19, nicolae_vaults_little_squares_1,
          nicolae_vaults_asterisk, vaults_room_pool, layout_vaults_omnicross,
          serial_shops, nicolae_shop_behind_doors, shop, basic_altar
Vaults:2: nicolae_vaults_shelves_hall, minmay_crypt_entry_nasty_monster,
          vaults_mumra_chevron, ontoclasm_vaults_loading_screen,
          vaults_mumra_minichess, st_greater_box_3, nicolae_vaults_little_ls,
          vaults_room_door_ring, ontoclasm_vaults_loading_screen, v_misc_3,
          layout_vaults_omnibox, serial_shops,
          nicolae_shop_temple_entry_statues_fountains, uniq_saint_roka
Vaults:3: v_rooms_6, grunt_vaults_focal, v_alt_pattern_5, hangedman_vaults_trim,
          nicolae_vaults_network_s, nicolae_vaults_mini_display_case,
          nicolae_vaults_asterisk, layout_vaults_chaotic_city, serial_shops,
          shop
Vaults:4: ontoclasm_vaults_misaligned, hangedman_vaults_slice,
          nicolae_vaults_statue_guard, vaults_mumra_lcd,
          nicolae_vaults_ninety_degrees, vaults_dpeg_hooks, v_misc_19,
          nicolae_vaults_diagonal_hallway_8, layout_vaults_quadrants,
          serial_shops, nicolae_shop_behind_doors, shop, shop, shop
Vaults:5
Depths:1: layout_basic, pf_vacation_house_of_asmodeus,
          serial_sigils_hangedman_shear, nrook_kobold_shadow_demons
Depths:2: minmay_the_grid_3x2 [minmay_the_grid_expand, minmay_the_grid_x,
          minmay_the_grid_empty, minmay_the_grid_fan, minmay_the_grid_tree,
          minmay_the_grid_prize_inner_circle], layout_basic,
          minmay_splitting_lines, pf_hell_entry_tar_spiral, wad_dig_loot,
          infiniplex_staircase_river, uniq_aizul
Depths:3: hangedman_box_tower, layout_gridlike, hell_entry, pan_entry,
          hangedman_abyss_or_decor_stagger, minmay_guarded_unrand_robustness
Depths:4: vault_1, layout_cave_pools, enter_ziggurat_a, tso_metal_star,
          nicolae_abyss_entry_one_way_or_another, hell_entry, serial_shops,
          shop, nicolae_shop_trees, serial_bayou_pond_a
Depths:5: lemuel_castle_with_subvaults [lemuel_castle_interior_carwin_3],
          layout_basic, hell_entry, roderic_lattice_a,
          ebering_ghost_inner_flame, minivault_1, serial_bayou_pond_a,
          nrook_pool_corridor, serial_sigils_hangedman_writhe, uniq_xtahua,
          uniq_enchantress
Zot:1:    layout_twisted_circle, zot_minivault_4
Zot:2:    layout_basic
Zot:3:    layout_misc_corridors
Zot:4:    layout_basic
Zot:5:    layout_gridville

Skill      XL: |  1  2  3  4  5  6  7  8  9 10 11 12 13 14 15 16 17 18 19 20 21 22 23 24 25 26 27 |
---------------+----------------------------------------------------------------------------------+-----
Axes           | 4 5 6 8 9 11 13 15 16 18 | 18.0
Fighting       | 5 9 10 13 15 17 18 20 21 22 24 25 27 | 27.0
Armour         | 4 8 9 12 15 17 18 20 21 22 24 25 27 | 27.0
Shields        | 3 10 13 15 21 | 21.7
Dodging        | 4 10 11 17 18 20 24 | 24.6
Evocations     | 8 9 10 11 | 11.1
Long Blades    | 7 10 | 10.4
Stealth        | 4 10 11 | 11.5

Action                   |  1- 3 |  4- 6 |  7- 9 | 10-12 | 13-15 | 16-18 | 19-21 | 22-24 | 25-27 || total
-------------------------+-------+-------+-------+-------+-------+-------+-------+-------+-------++-------
Melee: Hand axe          |    82 |   142 |   269 |   129 |       |       |       |       |       ||   622
       Headbutt          |     7 |    21 |    60 |    95 |   187 |   292 |   354 |   391 |   413 ||  1820
       War axe           |       |       |       |   102 |     4 |   395 |   412 |   214 |   112 ||  1239
       Broad axe         |       |       |       |   240 |   793 |   753 |   711 |   224 |    10 ||  2731
       Katana            |       |       |       |       |       |       |   137 |   100 |       ||   237
       Battleaxe         |       |       |       |       |       |       |       |   587 |  1199 ||  1786
       Unarmed           |       |       |       |       |       |       |       |    19 |       ||    19
Invok: Berserk           |     3 |     4 |     7 |     9 |     3 |     8 |     7 |     9 |     9 ||    59
       Trog's Hand       |       |     1 |     9 |    24 |    31 |    28 |    39 |    47 |    39 ||   218
       Brothers in Arms  |       |       |       |       |     1 |     1 |       |     1 |       ||     3
Evoke: Box of beasts     |       |       |       |       |     1 |       |       |       |       ||     1
       Condenser vane    |       |       |       |       |       |       |     1 |     2 |       ||     3
       Tin of tremorston |       |       |       |       |       |       |       |     1 |       ||     1
  Use: Scroll            |       |     2 |       |    17 |    22 |    25 |     7 |    24 |    19 ||   116
       Potion            |       |       |       |       |    12 |     2 |     1 |     8 |    12 ||    35
 Stab: Paralysed         |       |       |       |     2 |       |       |       |       |       ||     2
       Distracted        |       |       |       |     1 |     2 |     5 |    12 |     7 |       ||    27
       Confused          |       |       |       |       |       |       |       |       |     4 ||     4
Armor: Animal skin       |    15 |    16 |       |       |       |       |       |       |       ||    31
       Plate armour      |       |    26 |   139 |   170 |   345 |   451 |   386 |   664 |   716 ||  2897
       Gold dragon scale |       |       |       |       |       |       |       |       |   411 ||   411
Dodge: Dodged            |    37 |    35 |    27 |    72 |   236 |   363 |   433 |   689 |  1062 ||  2954
Block: Kite shield       |    29 |    37 |    93 |   251 |   441 |   795 |   743 |   410 |   137 ||  2936
       Reflection        |       |       |       |     7 |       |       |       |       |       ||     7
       Rpst.: Katana     |       |       |       |       |       |       |    20 |     9 |       ||    29

Table legend: (Time is in decaauts)
 A = Elapsed time spent in this place.
 B = Non-inter-level travel time spent in this place.
 C = Inter-level travel time spent in this place.
 D = Time resting spent in this place.
 E = Time spent auto-exploring this place.
 F = Levels seen in this place.
 G = Mean time per level.
                   A        B        C        D        E       F      G
               +--------+--------+--------+--------+--------+-----+--------+
         Total |  84483 |  80302 |   4181 |  30481 |  28038 |  62 | 1362.6 |
       Dungeon |  18652 |  16671 |   1981 |   5515 |   8566 |  15 | 1243.5 |
          Lair |   6868 |   6209 |    659 |   1944 |   3380 |   6 | 1144.7 |
         Swamp |   3529 |   3398 |    131 |    377 |   1907 |   4 |  882.2 |
     Snake Pit |   7244 |   7101 |    143 |   2794 |   1975 |   4 | 1811.0 |
    Slime Pits |   2779 |   2757 |     22 |   1839 |     23 |   3 |  926.3 |
  Orcish Mines |   3293 |   3074 |    219 |   1424 |    795 |   2 | 1646.5 |
   Elven Halls |   4413 |   4236 |    177 |   1054 |   1718 |   3 | 1471.0 |
        Vaults |  11315 |  10600 |    715 |   3284 |   4414 |   5 | 2263.0 |
        Depths |  10148 |  10050 |     98 |   3575 |   3488 |   5 | 2029.6 |
           Zot |  13834 |  13804 |     30 |   7845 |   1394 |   5 | 2766.8 |
         Abyss |    387 |    387 |      0 |      0 |    106 |   2 |  193.5 |
      Ziggurat |    586 |    586 |      0 |    283 |      1 |   6 |   97.7 |
      Ice Cave |    513 |    513 |      0 |      3 |    201 |   1 |  513.0 |
      Gauntlet |    916 |    916 |      0 |    541 |     67 |   1 |  916.0 |
               +--------+--------+--------+--------+--------+-----+--------+

Top non-repeatable levels by time:
   Zot:5: 6109 daAuts
 Snake:4: 3597 daAuts
Depths:5: 3160 daAuts
   Orc:2: 2979 daAuts
Vaults:4: 2948 daAuts
Depths:4: 2915 daAuts
   Elf:3: 2506 daAuts
Vaults:2: 2418 daAuts
     D:9: 2378 daAuts
Vaults:1: 2252 daAuts
Depths:3: 2144 daAuts
   Zot:4: 2132 daAuts
   Zot:1: 1965 daAuts
Vaults:3: 1954 daAuts
   Zot:3: 1859 daAuts
